General information
			
			
        
        - name: BNet
 
        - type: Ladder 1vs1/FFA
 
        - host: Battle.net
 
        - saver: tacoworld
 
        
map: MeltingValley 
        - players: 2
 
        - length: 82:07
 
        - speed: Fast
 - version: 1.22 W3XP
 - replay type:  Public
 
» download(219 KB)
Players
        team 1 (loser) 
              
              
NightElfLoc (
pink | 52 APM | 4303 actions | 82:05)
              
 8 Keeper of the Grove 
 3 Entangling Roots
 3 Thorns Aura
 1 Tranquility
 1 Force of Nature
 
                » actions 
                
                | Assign group hotkey | 37 |  | 
| Basic commands | 97 |  | 
| Build / train | 103 |  | 
| ESC pressed | 2 |  | 
| Enter build submenu | 28 |  | 
| Enter hero's abilities submenu | 8 |  | 
| Give item / drop item | 1 |  | 
| Right click | 2247 |  | 
| Select / deselect | 645 |  | 
| Select group hotkey | 1012 |  | 
| Use ability | 121 |  | 
                4303 total
 » units 
                
                | Wisp | 26 |  | 
| Archer | 2 |  | 
| Huntress | 7 |  | 
| Druid of the Claw | 7 |  | 
| Druid of the Talon | 16 |  | 
| Forest Troll Shadow Priest | 1 |  | 
| Glaive Thrower | 5 |  | 
| Chimaera | 12 |  | 
                76 total
 » upgrades
                
                | Druid of the Talon Training | 2 |  | 
| Druid of the Claw Training | 2 |  | 
| Mark of the Talon | 1 |  | 
| Strength of the Wild | 3 |  | 
| Reinforced Hides | 3 |  | 
| Well Spring | 1 |  | 
| Mark of the Claw | 1 |  | 
| Corrosive Breath | 1 |  | 
| Vorpal Blades | 1 |  | 
| Sentinel | 1 |  | 
                16 total
 » buildings
                
                | Altar of Elders | 1 |  | 
| Moon Well | 8 |  | 
| Ancient of War | 1 |  | 
| Hunter's Hall | 1 |  | 
| Tree of Ages | 1 |  | 
| Ancient Protector | 5 |  | 
| Ancient of Lore | 1 |  | 
| Ancient of Wind | 1 |  | 
| Tree of Eternity | 1 |  | 
| Tree of Life | 2 |  | 
| Chimaera Roost | 3 |  | 
                25 total
 » build order
                00:12 Altar of Elders
00:16 Moon Well
01:16 Ancient of War
01:28 Moon Well
02:05 Hunter's Hall
02:51 Moon Well
03:38 Tree of Ages
04:10 Ancient Protector
04:16 Ancient Protector
05:05 Moon Well
06:03 Ancient of Lore
06:12 Ancient of Wind
06:53 Tree of Eternity
07:49 Moon Well
09:58 Moon Well
12:31 Tree of Life
14:51 Moon Well
16:20 Moon Well
20:12 Ancient Protector
22:09 Chimaera Roost
22:13 Chimaera Roost
22:25 Tree of Life
22:30 Chimaera Roost
47:31 Ancient Protector
47:33 Ancient Protector
 
               team 2 (winner) 
              
              
tacoworld (
red | 52 APM | 4288 actions | 82:07)
              
 8 Mountain King 
 3 Storm Bolt
 3 Bash
 1 Avatar
 1 Thunder Clap
 1 Archmage 
 1 Brilliance Aura
 1 Paladin 
 1 Holy Light
 
                » actions 
                
                | Assign group hotkey | 27 |  | 
| Basic commands | 106 |  | 
| Build / train | 118 |  | 
| ESC pressed | 1 |  | 
| Enter build submenu | 116 |  | 
| Enter hero's abilities submenu | 10 |  | 
| Give item / drop item | 8 |  | 
| Right click | 1791 |  | 
| Select / deselect | 859 |  | 
| Select group hotkey | 923 |  | 
| Use ability | 326 |  | 
                4288 total
 » units 
                
                | Peasant | 19 |  | 
| Sorceress | 7 |  | 
| Priest | 8 |  | 
| Spell Breaker | 5 |  | 
| Goblin Shredder | 1 |  | 
| Dragonhawk Rider | 6 |  | 
                46 total
 » upgrades
                
                | Lumber Harvesting | 2 |  | 
| Sorceress Training | 2 |  | 
| Priest Training | 2 |  | 
| Masonry | 3 |  | 
| Swords | 2 |  | 
| Plating | 2 |  | 
| Magic Sentry | 1 |  | 
| Armor | 1 |  | 
                15 total
 » buildings
                
                | Lumber Mill | 8 |  | 
| Altar of Kings | 1 |  | 
| Farm | 17 |  | 
| Keep | 4 |  | 
| Scout Tower | 113 |  | 
| Arcane Sanctum | 3 |  | 
| Guard Tower | 33 |  | 
| Arcane Vault | 3 |  | 
| Castle | 1 |  | 
| Blacksmith | 1 |  | 
| Town Hall | 6 |  | 
| Arcane Tower | 3 |  | 
| Workshop | 2 |  | 
| Gryphon Aviary | 4 |  | 
                199 total
 » build order
                00:23 Lumber Mill
01:17 Altar of Kings
01:46 Farm
01:56 Keep
01:57 Keep
03:29 Scout Tower
03:35 Scout Tower
03:36 Scout Tower
03:37 Scout Tower
03:44 Scout Tower
03:46 Scout Tower
03:47 Scout Tower
03:48 Scout Tower
03:58 Farm
04:22 Arcane Sanctum
04:26 Arcane Sanctum
04:31 Guard Tower
04:35 Guard Tower
04:37 Arcane Sanctum
04:55 Farm
04:57 Farm
05:01 Guard Tower
05:18 Guard Tower
05:38 Scout Tower
06:03 Farm
06:39 Arcane Vault
06:43 Arcane Vault
07:00 Scout Tower
07:00 Scout Tower
07:03 Guard Tower
07:03 Guard Tower
07:36 Lumber Mill
07:53 Castle
08:01 Lumber Mill
08:47 Farm
08:49 Guard Tower
08:53 Scout Tower
08:54 Scout Tower
08:55 Guard Tower
09:13 Blacksmith
09:32 Scout Tower
10:02 Farm
10:03 Farm
10:05 Scout Tower
11:01 Guard Tower
11:05 Guard Tower
11:05 Guard Tower
11:41 Scout Tower
11:42 Scout Tower
11:43 Scout Tower
13:09 Guard Tower
13:52 Lumber Mill
14:53 Scout Tower
14:55 Scout Tower
14:55 Scout Tower
14:56 Scout Tower
14:57 Scout Tower
15:25 Scout Tower
15:26 Scout Tower
15:27 Scout Tower
15:28 Scout Tower
15:31 Guard Tower
15:45 Scout Tower
15:46 Scout Tower
15:47 Scout Tower
16:09 Guard Tower
16:12 Scout Tower
16:12 Scout Tower
16:13 Scout Tower
16:20 Guard Tower
16:23 Town Hall
16:28 Guard Tower
16:43 Guard Tower
18:36 Scout Tower
18:37 Scout Tower
18:37 Scout Tower
18:38 Scout Tower
18:39 Scout Tower
18:39 Scout Tower
20:37 Arcane Tower
20:59 Workshop
21:01 Workshop
21:33 Arcane Tower
21:49 Scout Tower
21:55 Scout Tower
21:56 Scout Tower
21:59 Scout Tower
22:00 Scout Tower
22:02 Scout Tower
22:03 Scout Tower
22:04 Scout Tower
22:05 Scout Tower
22:07 Scout Tower
22:07 Scout Tower
22:08 Scout Tower
22:09 Scout Tower
22:47 Scout Tower
22:51 Guard Tower
23:12 Guard Tower
23:16 Guard Tower
23:50 Lumber Mill
24:10 Lumber Mill
24:28 Scout Tower
24:29 Scout Tower
24:30 Scout Tower
24:34 Scout Tower
24:35 Scout Tower
24:36 Scout Tower
24:37 Scout Tower
24:45 Scout Tower
24:46 Scout Tower
24:46 Scout Tower
24:47 Scout Tower
24:48 Scout Tower
24:48 Scout Tower
24:50 Scout Tower
24:51 Scout Tower
24:52 Scout Tower
24:52 Scout Tower
24:53 Scout Tower
24:54 Scout Tower
24:55 Scout Tower
25:04 Scout Tower
25:14 Scout Tower
25:18 Scout Tower
25:21 Guard Tower
26:07 Town Hall
26:19 Guard Tower
26:29 Gryphon Aviary
27:59 Gryphon Aviary
28:46 Guard Tower
29:42 Guard Tower
31:23 Scout Tower
31:25 Scout Tower
31:26 Scout Tower
32:27 Scout Tower
32:27 Scout Tower
32:29 Scout Tower
32:31 Scout Tower
32:32 Scout Tower
32:55 Guard Tower
32:57 Guard Tower
33:24 Scout Tower
33:25 Scout Tower
33:26 Scout Tower
33:29 Guard Tower
33:29 Guard Tower
35:11 Guard Tower
35:17 Scout Tower
35:17 Scout Tower
35:18 Scout Tower
35:19 Scout Tower
35:20 Scout Tower
35:20 Scout Tower
35:21 Scout Tower
35:23 Scout Tower
35:24 Scout Tower
35:25 Scout Tower
35:26 Scout Tower
35:27 Scout Tower
35:27 Scout Tower
35:50 Guard Tower
36:20 Guard Tower
37:47 Scout Tower
37:48 Scout Tower
37:48 Scout Tower
37:49 Scout Tower
37:51 Scout Tower
37:52 Scout Tower
37:53 Scout Tower
37:53 Scout Tower
37:54 Scout Tower
38:02 Scout Tower
38:03 Scout Tower
38:03 Scout Tower
38:04 Scout Tower
38:31 Guard Tower
39:48 Guard Tower
40:29 Arcane Tower
50:21 Farm
50:25 Town Hall
50:55 Farm
55:05 Town Hall
59:10 Town Hall
62:19 Keep
62:47 Keep
63:35 Farm
63:36 Farm
63:36 Farm
63:39 Farm
63:40 Farm
66:05 Lumber Mill
66:40 Lumber Mill
67:29 Town Hall
68:12 Gryphon Aviary
68:15 Gryphon Aviary
69:41 Arcane Vault
70:10 Farm
72:24 Farm
» items
                
                | Orb of Fire | 1 |  | 
| Lesser Clarity Potion | 1 |  | 
                2 total
  
                Chat log
          (00:25 / All) NightElfLoc: dood im real rusty at this shiza
(00:28 / All) NightElfLoc: not even kidding
(00:49 / All) tacoworld: i am tacoworld
(01:01 / All) NightElfLoc: u work at the bell?
(01:05 / All) tacoworld: nope
(01:13 / All) tacoworld: i wish i did though
(02:24 / All) tacoworld: if it was you that directed the ant that just cralwed into my nose
(02:28 / All) tacoworld: then that si cheating
(02:36 / All) NightElfLoc: ??
(02:37 / All) NightElfLoc: u high
(02:44 / All) tacoworld: no man an ant just went in my nose
(21:05 / All) NightElfLoc: wow dude
(21:15 / All) tacoworld: my line
(21:17 / All) tacoworld: will not be broken
(31:05 / All) tacoworld: i am tacoworld
(37:34 / All) tacoworld: work
(37:35 / All) tacoworld: shop
(40:47 / All) NightElfLoc: first game is exhilirating
(40:52 / All) NightElfLoc: bout to leave
(40:54 / All) tacoworld: first game
(40:55 / All) NightElfLoc: or do u wanna ally
(40:57 / All) tacoworld: is exhilirating?
(41:00 / All) tacoworld: first game of what
(41:14 / All) NightElfLoc: wc3.. havnt played in 1year or more
(41:17 / All) tacoworld: oh
(41:19 / All) tacoworld: this is your first gmae
(41:21 / All) tacoworld: in a year?
(41:23 / All) NightElfLoc: yea
(41:24 / All) tacoworld: cra
(41:26 / All) tacoworld: zy
(41:30 / All) tacoworld: wrell
(41:35 / All) tacoworld: hopefully my towers were not too boring
(41:36 / All) NightElfLoc: yea still got my skillz
(41:47 / All) NightElfLoc: havnt seen that in a while actually
(41:57 / All) NightElfLoc: it kept you alive
(41:59 / All) tacoworld: i'm rocking it old school with the all caster army
(42:25 / All) tacoworld: see www.highper.ch for more replays
(42:26 / All) tacoworld: of
(42:27 / All) tacoworld: towers
(42:29 / All) tacoworld: if you want
(42:40 / All) NightElfLoc: is it cool
(42:44 / All) tacoworld: hell yes it is cool
(42:47 / All) tacoworld: my favorite replays
(42:53 / All) tacoworld: look for the one with a name like "too many bolts" ors omething
(42:56 / All) tacoworld: pretty recent
(43:56 / All) tacoworld: i will ally you if you wnt
(43:59 / All) tacoworld: since this is your first game in a year
(44:00 / All) NightElfLoc: aight
(44:01 / All) tacoworld: and that way you can
(44:01 / All) NightElfLoc: cool beans
(44:02 / All) tacoworld: play
(44:02 / All) tacoworld: even
(44:04 / All) tacoworld: harder people
(44:08 / All) NightElfLoc: lol
(44:14 / All) tacoworld: oh
(44:16 / All) tacoworld: this isn't starcraft
(44:17 / All) NightElfLoc: you were fairly difficult man
(44:17 / All) tacoworld: we cannot ally
(44:21 / All) NightElfLoc: oh yea
(44:22 / All) NightElfLoc: lol
(44:27 / All) tacoworld: goddamn
(44:30 / All) tacoworld: starcraft is such a b=etter game
(44:31 / All) tacoworld: but
(44:37 / All) tacoworld: that game doesn't have towers
(50:27 / All) NightElfLoc: damn this is gonna take a while
(50:29 / All) NightElfLoc: better try though
(76:35 / All) tacoworld: good muta micro
(81:09 / All) NightElfLoc: why didnt you do that earlier dude
(81:15 / All) tacoworld: m
(81:16 / All) tacoworld: good question
(81:21 / All) tacoworld: just waiting for th righ tmonet 
(81:25 / All) tacoworld: mmoment
(81:33 / All) tacoworld: i couldn't just get some of them
(81:34 / All) tacoworld: that's no fun
(82:00 / All) NightElfLoc: well gg dude
(82:03 / All) tacoworld: gg